 Dungeon Crawl Stone Soup version 0.30-a0-986-g7f2e898f52 (webtiles) character file.

Game seed: 2690363350517072501

1209 MacCMillion the Cleaver (level 8, -1/66 HPs)
             Began as a Minotaur Fighter on Mar 25, 2023.
             Was a Follower of Makhleb.
             Slain by a gnoll sergeant
             ... wielding a +0 spear
              (2 damage)
             ... on level 6 of the Dungeon on Apr 2, 2023.
             The game lasted 00:13:23 (5334 turns).

MacCMillion the Cleaver (Minotaur Fighter)          Turns: 5334, Time: 00:13:24

Health: -1/66      AC:  9    Str: 24    XL:     8   Next: 22%
Magic:  9/9        EV:  7    Int:  5    God:    Makhleb [*.....]
Gold:   449        SH:  5    Dex:  9    Spells: 7/7 levels left

rFire   . . .      SeeInvis .    a - +0 war axe
rCold   . . .      Faith    .    c - +0 buckler
rNeg    + . .      Spirit   .    u - +0 chain mail
rPois   .          Reflect  .    (helmet restricted)
rElec   .          Rampage  .    (no cloak)
rCorr   .                        (no gloves)
Will    .....                    (no boots) Stlth
                                 (no amulet)
HPRegen 0.31/turn                F - ring of positive energy
MPRegen 0.11/turn                (no ring)

@: no status effects
A: horns 2, retaliatory headbutt
a: Renounce Religion


You were on level 6 of the Dungeon.
You worshipped Makhleb.
Makhleb was aware of your devotion.
You visited 1 branch of the dungeon, and saw 6 of its levels.

You collected 449 gold pieces.

Inventory:

Hand Weapons
 a - a +0 war axe (weapon)
Missiles
 l - 6 poisoned darts (quivered)
 n - 9 javelins
 y - 5 atropa-tipped darts
 C - 2 boomerangs
Armour
 b - a +0 scale mail
 c - a +0 buckler (worn)
 u - a +0 chain mail (worn)
Jewellery
 B - an amulet of magic regeneration
 F - a ring of positive energy (left hand)
Wands
 w - a wand of polymorph (4)
 E - a wand of digging (2)
Scrolls
 g - a scroll of noise {unknown}
 j - 2 scrolls of identify
 k - a scroll of teleportation
 o - a scroll of summoning {unknown}
 p - a scroll of poison
 r - 2 scrolls of immolation {unknown}
 t - 2 scrolls of vulnerability {unknown}
 x - a scroll of fog
 z - 2 scrolls of amnesia
 A - a scroll of brand weapon {unknown}
 G - a scroll of fear {unknown}
Potions
 d - 2 potions of might
 e - a potion of lignification
 f - 3 potions of heal wounds
 h - a potion of attraction
 i - a potion of resistance {unknown}
 m - 4 potions of curing
 q - 2 potions of haste
 s - a potion of mutation {unknown}
 v - a potion of magic {unknown}
 D - a potion of degeneration {unknown}


   Skills:
 + Level 4.2 Fighting
 + Level 10.1 Axes
 + Level 4.2 Armour
 - Level 5.4 Shields
 - Level 3.0 Invocations


You had 7 spell levels left.
You didn't know any spells.
Your spell library contained the following spells:

 Spells                   Type           Power      Damage    Failure   Level
 Apportation              Tloc           0%         N/A       99%         1
 Magic Dart               Conj           0%         1d3       99%         1
 Blink                    Tloc           0%         N/A       100%        2
 Inner Flame              Hex/Fire       0%         N/A       100%        3
 Cause Fear               Hex            0%         N/A       100%        4
 Dragon Form              Tmut           0%         N/A       100%        7
 Discord                  Hex            0%         N/A       100%        8
 Dragon's Call            Summ           0%         N/A       100%        9


Dungeon Overview and Level Annotations

Branches:
Dungeon (6/15)             Temple (0/1) D:4

Altars:
Ashenzari
Elyvilon
Gozag
Hepliaklqana
Makhleb

Shops:
D:3 !

Annotations:
D:6 Maggie


Innate Abilities, Weirdness & Mutations

You have a pair of horns on your head.
You reflexively headbutt those who attack you in melee.


Message History

You closely miss the water moccasin.
The water moccasin is moderately wounded.
The water moccasin bites you.
You barely miss the water moccasin.
Your headbutt misses the water moccasin.
The water moccasin is moderately wounded.
The water moccasin bites you. x2
You are poisoned.
The water moccasin poisons you!
As you read the scroll of teleportation, it crumbles to dust.
You feel strangely unstable.
You feel very sick. The water moccasin bites you.
You are more poisoned.
The water moccasin poisons you!
You feel very sick.
Your surroundings suddenly seem different.
* * * LOW HITPOINT WARNING * * *
You feel very sick.
* * * LOW HITPOINT WARNING * * *
You feel very sick.
* * * LOW HITPOINT WARNING * * *
You feel very sick.
You feel sick.
You feel sick.
You feel sick.
You feel sick.
You feel sick.
A gnoll sergeant comes into view.
It is wielding a +0 spear and wearing the +5 robe of Night {Dark Will+ SInv}.
You feel sick.
The gnoll sergeant shouts!
A gnoll comes into view. It is wielding a +0 whip.
You feel sick.
You feel sick.
You are no longer poisoned.
The gnoll sergeant hits you from afar with a +0 spear.
* * * LOW HITPOINT WARNING * * *
There is a stone staircase leading up here.
The gnoll sergeant hits you from afar with a +0 spear.
You die...

#.....####### #..........#
.......#....# #.......)..#
#.......#.##.###....>.....#
..........##..##........>.#
..######..###..#..........#
#########..###.#..........#
....... #..# #.#..........#
###'### ...# #..[[........#
#.....# ##.# #..@)........#
#..$..#..#.###..[.........#
#.._..#........##gg.......#
#....$#..##..#.##.........#
#.....# ##...............#
#######.##.....##.........#
...... .......###.........#
..... ......@# #.........#
.. ........# #.........#


You could see a gnoll sergeant and a gnoll.

Vanquished Creatures
  A water moccasin (D:6)
  2 sky beasts (D:6)
  2 black bears
  A bullfrog (D:6)
  A scorpion (D:5)
  An orc priest (D:5)
  A jelly (D:6)
  A gnoll bouda (D:3)
  2 iguanas
  A sleepcap (D:5)
  6 orc wizards
  12 gnolls
  9 adders
  A shadow imp (D:5)
  A white imp (D:5)
  A worm (D:2)
  14 orcs
  8 ball pythons
  3 bats
  7 endoplasms
  2 giant cockroaches
  5 goblins
  4 hobgoblins
  3 jackals (D:5)
  6 kobolds
  A quokka (D:1)
  3 frilled lizards
  3 rats
102 creatures vanquished.

Notes
Turn   | Place    | Note
-------+----------+-------------------------------------------
     0 | D:1      | MacCMillion the Minotaur Fighter began the quest for the
                  | Orb.
     0 | D:1      | Reached XP level 1. HP: 19/19 MP: 0/0
   284 | D:1      | Reached XP level 2. HP: 23/27 MP: 1/1
   505 | D:1      | Reached skill level 3 in Axes
   952 | D:2      | Reached XP level 3. HP: 33/33 MP: 2/2
  1191 | D:2      | Got the Essays on Angles and the Discharge
  1588 | D:3      | Found an opulent altar of Gozag.
  1618 | D:3      | Found a burning altar of Makhleb.
  1623 | D:3      | Became a worshipper of Makhleb the Destroyer
  1721 | D:3      | Found Turot's Distillery.
  1968 | D:3      | Reached skill level 4 in Axes
  1968 | D:3      | Reached XP level 4. HP: 40/40 MP: 3/3
  2139 | D:4      | Found a broken altar of Ashenzari.
  2152 | D:3      | Reached skill level 5 in Shields
  2299 | D:4      | Reached XP level 5. HP: 38/46 MP: 4/4
  2311 | D:4      | Upgraded the game from 0.30-a0-939-gc8157cb160 to
                  | 0.30-a0-986-g7f2e898f52
  2336 | D:4      | Reached skill level 5 in Axes
  2736 | D:4      | Found a staircase to the Ecumenical Temple.
  2771 | D:5      | Entered Level 5 of the Dungeon
  2909 | D:5      | Reached * piety under Makhleb
  2922 | D:5      | Noticed a black bear
  2923 | D:5      | Reached skill level 1 in Invocations
  2954 | D:5      | Killed a black bear
  2955 | D:5      | Reached skill level 6 in Axes
  2955 | D:5      | Reached XP level 6. HP: 39/52 MP: 4/6
  3449 | D:5      | Reached skill level 7 in Axes
  3453 | D:5      | Reached XP level 7. HP: 49/58 MP: 8/8
  3900 | D:5      | Found a white marble altar of Elyvilon.
  4436 | D:6      | Reached skill level 8 in Axes
  4476 | D:6      | Noticed Maggie
  4548 | D:6      | Reached skill level 9 in Axes
  4660 | D:6      | Reached XP level 8. HP: 62/66 MP: 9/9
  4668 | D:6      | Reached skill level 10 in Axes
  5298 | D:6      | Found a hazy altar of Hepliaklqana.
  5332 | D:6      | HP: 3/66 [poisoned by a water moccasin]
  5333 | D:6      | HP: 1/66 [gnoll sergeant/+0 spear (2)]
  5334 | D:6      | Slain by a gnoll sergeant

Illustrated notes

Levels and vault maps discovered:
D:1:      saegor_arrival_simple_c, layout_basic, kennysheep_decorative_pillar,
          dreamdust_wishing_well
D:2:      layout_basic, hangedman_decor_diamond_cutter, minmay_misc_feat_tiny
D:3:      layout_rooms, lightli_temple_of_fire, grunt_gozag_breadcrumbs,
          serial_shops, nicolae_shop_waterfront, chequers_serial_rivers_small_a
D:4:      layout_rooms, evilmike_ruin_ashenzari, minmay_temple_entry_poolview
D:5:      layout_gridville, lemuel_coloured_pillars_altar
D:6:      layout_rooms, amcnicky_altar_gilded, uniq_maggie

Skill      XL: |  1  2  3  4  5  6  7  8 |
---------------+-------------------------+-----
Shields        | 4 5 |  5.4
Axes           | 3 4 6 7 9 10 | 10.1
Invocations    | 2 3 |  3.0
Armour         | 4 |  4.2
Fighting       | 4 |  4.2

Action                     |  1- 3 |  4- 6 |  7- 9 || total
---------------------------+-------+-------+-------++-------
  Melee: War axe           |    90 |   115 |    84 ||   289
         Headbutt          |    11 |    13 |    11 ||    35
  Throw: Dart              |     1 |     2 |     5 ||     8
    Use: Scroll            |       |       |    10 ||    10
 Armour: Scale mail        |    43 |       |       ||    43
         Skin              |    10 |       |       ||    10
         Chain mail        |     4 |    62 |    47 ||   113
  Dodge: Dodged            |    28 |    27 |    26 ||    81
  Block: Buckler           |    15 |    16 |    14 ||    45

Table legend: (Time is in decaauts)
 A = Elapsed time spent in this place.
 B = Non-inter-level travel time spent in this place.
 C = Inter-level travel time spent in this place.
 D = Time resting spent in this place.
 E = Time spent auto-exploring this place.
 F = Levels seen in this place.
 G = Mean time per level.
                   A        B        C        D        E       F      G
               +--------+--------+--------+--------+--------+-----+--------+
         Total |   5410 |   5232 |    178 |   1364 |   2714 |   6 |  901.7 |
       Dungeon |   5410 |   5232 |    178 |   1364 |   2714 |   6 |  901.7 |
               +--------+--------+--------+--------+--------+-----+--------+

Top non-repeatable levels by time:
     D:5: 1667 daAuts
     D:3: 844 daAuts
     D:4: 825 daAuts
     D:1: 747 daAuts
     D:2: 710 daAuts
     D:6: 614 daAuts
